| TOP OF THE 1ST |
|
Tucson Toros batting - Pitching for Spokane Indians : RHP Gordon Guzenski
|
|
Pitching: RHP Gordon Guzenski
|
|
|
Batting: LHB Juan Bustabad
|
0-0: Ball 1-0: Swinging Strike 1-1: Fly out, F6 (Popup, 6M, EV 63.1 MPH)
|
|
Batting: SHB Rodney Scott
|
0-0: Ball 1-0: Fly out, F8 (Flyball, 8RD, EV 94.4 MPH)
|
|
Batting: RHB David Holmes
|
0-0: Called Strike 0-1: Ball 1-1: Ball 2-1: Foul Ball, location: 2F 2-2: Ball 3-2: Foul Ball, location: 2F 3-2: Base on Balls
|
|
Batting: LHB Pat Dodson
|
0-0: Swinging Strike 0-1: Ball 1-1: Swinging Strike 1-2: Strikes out swinging
|
| Top of the 1st over - 0 runs, 0 hits, 0 errors, 1 left on base; Tucson 0 - Spokane 0 |
| BOTTOM OF THE 1ST |
|
Spokane Indians batting - Pitching for Tucson Toros : RHP Ron Schueler
|
|
Pitching: RHP Ron Schueler
|
|
|
Batting: SHB Jose Oquendo
|
0-0: Ball 1-0: Ball 2-0: Ball 3-0: Called Strike 3-1: Base on Balls
|
|
Batting: LHB Stu Pederson
|
0-0: Called Strike 0-1: Ball 1-1: Swinging Strike 1-2: Ball 2-2: Strikes out looking
|
|
Batting: RHB Tom Watkins
|
0-0: Called Strike 0-1: Called Strike 0-2: Fly out, F6 (Flyball, 56D, EV 88.1 MPH)
|
|
Batting: SHB Mark Gillaspie
|
0-0: DOUBLE (Flyball, 7LD, EV 111.3 MPH) Jose Oquendo to third Runner from 3rd tries for Home, SAFE, throw by LF to home
|
|
Batting: RHB Craig Landis
|
0-0: Ball 1-0: Called Strike 1-1: Ball Wild Pitch! Mark Gillaspie to third 2-1: Foul Ball, location: 2F 2-2: Ball 3-2: Foul Ball, location: 2F 3-2: Base on Balls
|
|
Batting: RHB Jeffrey Ronk
|
0-0: Called Strike Craig Landis steals 2nd base 0-1: Ball 1-1: Ball 2-1: Fly out, F8 (Flyball, 8LXD, EV 98.1 MPH)
|
| Bottom of the 1st over - 1 run, 1 hit, 0 errors, 2 left on base; Tucson 0 - Spokane 1 |
| TOP OF THE 2ND |
|
Tucson Toros batting - Pitching for Spokane Indians : RHP Gordon Guzenski
|
|
Batting: LHB Tim Krauss
|
0-0: Ground out 4-3 (Groundball, 4, EV 84.4 MPH)
|
|
Batting: SHB Michael Miara
|
0-0: Fly out, F6 (Line Drive, 6, EV 73.8 MPH)
|
|
Batting: LHB Danny Garcia
|
0-0: Ball 1-0: Swinging Strike 1-1: Called Strike 1-2: Foul Ball, location: 2F 1-2: Foul Ball, location: 2F 1-2: Foul Ball, location: 2F 1-2: SINGLE (Line Drive, 9S, EV 108.8 MPH)
|
|
Batting: SHB Kevin King
|
0-0: Called Strike 0-1: Fly out, F7 (Flyball, 7LS, EV 86.9 MPH)
|
| Top of the 2nd over - 0 runs, 1 hit, 0 errors, 1 left on base; Tucson 0 - Spokane 1 |
| BOTTOM OF THE 2ND |
|
Spokane Indians batting - Pitching for Tucson Toros : RHP Ron Schueler
|
|
Batting: RHB John Hanley
|
0-0: Ball 1-0: Called Strike 1-1: Ball 2-1: Foul Ball, location: 2F 2-2: Foul Ball, location: 2F 2-2: Ball 3-2: Foul Ball, location: 2F 3-2: Ground out 5-3 (Groundball, 5L, EV 102.5 MPH)
|
|
Batting: RHB Cleo Smith
|
0-0: Ball 1-0: Called Strike 1-1: Reached via error on a dropped throw from 1B, E1 (Groundball, 23, EV 81.9 MPH)
|
|
Batting: RHB Matthew Tyner
|
0-0: Called Strike 0-1: Ball 1-1: Foul Ball, location: 2F 1-2: Fly out, F8 (Flyball, 78S, EV 88.8 MPH)
|
|
Batting: SHB Jose Oquendo
|
0-0: Ball Cleo Smith steals 2nd base 1-0: Ball 2-0: Ball 3-0: Base on Balls
|
|
Batting: LHB Stu Pederson
|
0-0: Called Strike 0-1: SINGLE (Line Drive, 78M, EV 91.3 MPH) Cleo Smith to third Jose Oquendo to second Runner from 3rd tries for Home, SAFE, throw by LF to home
|
|
Batting: RHB Tom Watkins
|
0-0: Called Strike 0-1: Ball 1-1: Ball 2-1: Called Strike 2-2: Ball 3-2: Base on Balls Jose Oquendo to third Stu Pederson to second
|
|
Batting: SHB Mark Gillaspie
|
0-0: Ball 1-0: Foul Ball, location: 2F 1-1: Called Strike 1-2: Foul Ball, location: 2F 1-2: Reached on error, E8 (Flyball, 8LD, EV 91.9 MPH) Jose Oquendo scores Stu Pederson scores Tom Watkins to third
|
|
Batting: RHB Craig Landis
|
0-0: Ball 1-0: Called Strike 1-1: Swinging Strike 1-2: Strikes out swinging
|
| Bottom of the 2nd over - 3 runs, 1 hit, 2 errors, 2 left on base; Tucson 0 - Spokane 4 |
| TOP OF THE 3RD |
|
Tucson Toros batting - Pitching for Spokane Indians : RHP Gordon Guzenski
|
|
Batting: RHB Talmadge Tanks
|
0-0: Called Strike 0-1: Ball 1-1: Ball 2-1: Fly out, F9 (Line Drive, 9, EV 98.1 MPH)
|
|
Batting: LHB Juan Bustabad
|
0-0: SINGLE (Groundball, 4M, EV 83.1 MPH) (infield hit)
|
|
Batting: SHB Rodney Scott
|
0-0: Called Strike 0-1: Ball 1-1: Called Strike Juan Bustabad is caught stealing 2nd base 2-6 1-2: Ball 2-2: Ball 3-2: Base on Balls
|
|
Batting: RHB David Holmes
|
0-0: Swinging Strike 0-1: Ground out 5-3 (Groundball, 56S, EV 93.1 MPH)
|
| Top of the 3rd over - 0 runs, 1 hit, 0 errors, 1 left on base; Tucson 0 - Spokane 4 |
| BOTTOM OF THE 3RD |
|
Spokane Indians batting - Pitching for Tucson Toros : RHP Ron Schueler
|
|
Batting: RHB Jeffrey Ronk
|
0-0: Ball 1-0: Ball 2-0: Called Strike 2-1: Foul Ball, location: 2F 2-2: Ball 3-2: Foul Ball, location: 2F 3-2: SINGLE (Line Drive, 9S, EV 103.1 MPH)
|
|
Batting: RHB John Hanley
|
0-0: Ball 1-0: SINGLE (Groundball, 6MD, EV 103.1 MPH) Jeffrey Ronk to second
|
|
Batting: RHB Cleo Smith
|
0-0: Ball 1-0: Called Strike 1-1: Ball 2-1: Foul Ball, location: 2F 2-2: Strikes out swinging
|
|
Batting: RHB Matthew Tyner
|
0-0: Ball 1-0: 3-RUN HOME RUN (Flyball, 78XD, EV 96.9 MPH), Distance : 415 ft
|
|
Pitching: RHP Glenn Abbott
|
|
|
Batting: SHB Jose Oquendo
|
0-0: Ball 1-0: Fly out, F7 (Flyball, 7D, EV 90.6 MPH)
|
|
Batting: LHB Stu Pederson
|
0-0: Ball 1-0: Foul Ball, location: 2F 1-1: Swinging Strike 1-2: Ball 2-2: Fly out, F8 (Line Drive, 8RM, EV 105.6 MPH)
|
| Bottom of the 3rd over - 3 runs, 3 hits, 0 errors, 0 left on base; Tucson 0 - Spokane 7 |
| TOP OF THE 4TH |
|
Tucson Toros batting - Pitching for Spokane Indians : RHP Gordon Guzenski
|
|
Batting: LHB Pat Dodson
|
0-0: Ball 1-0: Called Strike 1-1: Called Strike 1-2: Ground out 3-1 (Groundball, 34, EV 80.0 MPH)
|
|
Batting: LHB Tim Krauss
|
0-0: Ball 1-0: Fly out, F7 (Flyball, 7LM, EV 83.1 MPH)
|
|
Batting: SHB Michael Miara
|
0-0: Swinging Strike 0-1: Ball 1-1: Swinging Strike 1-2: Ball 2-2: Ball 3-2: Foul Ball, location: 2F 3-2: Strikes out swinging
|
| Top of the 4th over - 0 runs, 0 hits, 0 errors, 0 left on base; Tucson 0 - Spokane 7 |
| BOTTOM OF THE 4TH |
|
Spokane Indians batting - Pitching for Tucson Toros : RHP Glenn Abbott
|
|
Batting: RHB Tom Watkins
|
0-0: Called Strike 0-1: Ball 1-1: Ground out 1-3 (Groundball, 13S, EV 75.6 MPH)
|
|
Batting: SHB Mark Gillaspie
|
0-0: Ball 1-0: Called Strike 1-1: Ball 2-1: Swinging Strike 2-2: SINGLE (Groundball, 6MD, EV 101.3 MPH)
|
|
Batting: RHB Craig Landis
|
0-0: Foul Ball, location: 2F 0-1: Swinging Strike 0-2: Ball 1-2: Ball 2-2: Ball 3-2: Strikes out swinging
|
|
Batting: RHB Jeffrey Ronk
|
0-0: Ball 1-0: Swinging Strike 1-1: DOUBLE (Groundball, 5L, EV 106.3 MPH) Mark Gillaspie to third Runner from 3rd tries for Home, SAFE, no throw by LF
|
|
Batting: RHB John Hanley
|
0-0: Called Strike 0-1: Ball 1-1: Foul Ball, location: 2F 1-2: Ball 2-2: Ball 3-2: Foul Ball, location: 2F 3-2: Strikes out looking
|
| Bottom of the 4th over - 1 run, 2 hits, 0 errors, 1 left on base; Tucson 0 - Spokane 8 |
| TOP OF THE 5TH |
|
Tucson Toros batting - Pitching for Spokane Indians : RHP Gordon Guzenski
|
|
Batting: LHB Danny Garcia
|
0-0: Called Strike 0-1: Called Strike 0-2: Ball 1-2: Ball 2-2: Ball 3-2: Fly out, F9 (Flyball, 89D, EV 105.0 MPH)
|
|
Batting: SHB Kevin King
|
0-0: Called Strike 0-1: Ball 1-1: Swinging Strike 1-2: Ball 2-2: Ball 3-2: Strikes out swinging
|
|
Batting: RHB Talmadge Tanks
|
0-0: Foul Ball, location: 2F 0-1: Swinging Strike 0-2: Ground out 6-3 (Groundball, 6M, EV 84.4 MPH)
|
| Top of the 5th over - 0 runs, 0 hits, 0 errors, 0 left on base; Tucson 0 - Spokane 8 |
| BOTTOM OF THE 5TH |
|
Spokane Indians batting - Pitching for Tucson Toros : RHP Glenn Abbott
|
|
Batting: RHB Cleo Smith
|
0-0: Ground out U3 (Groundball, 3L, EV 84.4 MPH)
|
|
Batting: RHB Matthew Tyner
|
0-0: Fly out, F7 (Flyball, 78S, EV 81.3 MPH)
|
|
Batting: SHB Jose Oquendo
|
0-0: Ball 1-0: Ground out 6-3 (Groundball, 6, EV 105.6 MPH)
|
| Bottom of the 5th over - 0 runs, 0 hits, 0 errors, 0 left on base; Tucson 0 - Spokane 8 |
| TOP OF THE 6TH |
|
Tucson Toros batting - Pitching for Spokane Indians : RHP Gordon Guzenski
|
|
Batting: LHB Juan Bustabad
|
0-0: Ball 1-0: Ball 2-0: Foul Ball, location: 2F 2-1: Ball 3-1: Called Strike 3-2: Base on Balls
|
|
Batting: SHB Rodney Scott
|
0-0: SINGLE (Line Drive, 7LS, EV 97.5 MPH) Juan Bustabad to second
|
|
Batting: RHB David Holmes
|
0-0: Foul Ball, location: 2F 0-1: Ball 1-1: Ball Wild Pitch! Juan Bustabad to third Rodney Scott to second 2-1: Foul Ball, location: 2F 2-2: Ball 3-2: Base on Balls
|
|
Batting: LHB Pat Dodson
|
0-0: Ball 1-0: Called Strike 1-1: Foul Ball, location: 2F 1-2: Fly out, F6 (Popup, 6, EV 63.8 MPH)
|
|
Batting: LHB Tim Krauss
|
0-0: SINGLE (Groundball, 4MD, EV 103.1 MPH) Juan Bustabad scores Rodney Scott to third David Holmes to second Runner from 3rd tries for Home, SAFE, throw by CF to home
|
|
Batting: SHB Michael Miara
|
0-0: SINGLE (Line Drive, 4D, EV 93.8 MPH) David Holmes to third Tim Krauss to second Runner from 3rd tries for Home, SAFE, throw by RF to home
|
|
Batting: LHB Danny Garcia
|
0-0: Called Strike 0-1: Swinging Strike 0-2: Strikes out swinging
|
|
Batting: SHB Kevin King
|
0-0: Ball 1-0: Ball 2-0: Called Strike 2-1: SINGLE (Groundball, 6D, EV 101.3 MPH) Tim Krauss to third Michael Miara to second Runner from 3rd tries for Home, SAFE, throw by CF to home
|
|
Batting: RHB Talmadge Tanks
|
0-0: Ball 1-0: Swinging Strike 1-1: Foul Ball, location: 2F 1-2: Fly out, F7 (Flyball, 7LM, EV 85.6 MPH)
|
| Top of the 6th over - 4 runs, 4 hits, 0 errors, 2 left on base; Tucson 4 - Spokane 8 |
| BOTTOM OF THE 6TH |
|
Spokane Indians batting - Pitching for Tucson Toros : RHP Glenn Abbott
|
|
Batting: LHB Stu Pederson
|
0-0: Ball 1-0: Called Strike 1-1: Ball 2-1: Hit by Pitch
|
|
Batting: RHB Tom Watkins
|
0-0: Ball 1-0: 2-RUN HOME RUN (Flyball, 7LD, EV 101.9 MPH), Distance : 357 ft
|
|
Pitching: LHP Dan Schatzeder
|
|
|
Batting: SHB Mark Gillaspie
|
0-0: Ball 1-0: Called Strike 1-1: Swinging Strike 1-2: Ball 2-2: Fly out, F8 (Line Drive, 8LM, EV 86.9 MPH)
|
|
Batting: RHB Craig Landis
|
0-0: Called Strike 0-1: Ball 1-1: Ground out 2-3 (Groundball, 15S, EV 68.1 MPH)
|
|
Batting: RHB Jeffrey Ronk
|
0-0: Ball 1-0: Ground out 5-3 (Groundball, 56S, EV 92.5 MPH)
|
| Bottom of the 6th over - 2 runs, 1 hit, 0 errors, 0 left on base; Tucson 4 - Spokane 10 |
| TOP OF THE 7TH |
|
Tucson Toros batting - Pitching for Spokane Indians : RHP Gordon Guzenski
|
|
Batting: LHB Juan Bustabad
|
0-0: Foul Ball, location: 2F 0-1: Ball 1-1: Ball 2-1: Ball 3-1: Base on Balls
|
|
Batting: SHB Rodney Scott
|
0-0: Swinging Strike 0-1: Ball 1-1: Ball 2-1: Ball Juan Bustabad steals 2nd base 3-1: SINGLE (Line Drive, 9S, EV 106.3 MPH) Juan Bustabad to third Runner from 3rd tries for Home, SAFE, throw by RF to home Rodney Scott to second
|
|
Batting: RHB David Holmes
|
0-0: Ball 1-0: Ball 2-0: Foul Ball, location: 2F 2-1: Ball 3-1: Base on Balls
|
|
Batting: LHB Pat Dodson
|
0-0: Ball 1-0: Ball 2-0: Ball 3-0: Base on Balls Rodney Scott to third David Holmes to second
|
|
Batting: LHB Tim Krauss
|
0-0: Ball 1-0: Ball 2-0: Ball 3-0: Called Strike 3-1: Foul Ball, location: 2F 3-2: Strikes out swinging
|
|
Batting: SHB Michael Miara
|
0-0: Called Strike 0-1: Ball 1-1: Ball 2-1: Ball 3-1: Foul Ball, location: 2F 3-2: Fly out, F8 (Flyball, 8RXD, EV 97.5 MPH) Runner from 3rd tags up, SCORES, no throw by CF
|
|
Pitching: RHP Jonathan Coberly
|
|
|
Batting: LHB Danny Garcia
|
0-0: Called Strike 0-1: Ball 1-1: Ball 2-1: Ball 3-1: Fly out, F8 (Line Drive, 8LM, EV 94.4 MPH)
|
| Top of the 7th over - 2 runs, 1 hit, 0 errors, 2 left on base; Tucson 6 - Spokane 10 |
| BOTTOM OF THE 7TH |
|
Spokane Indians batting - Pitching for Tucson Toros : LHP Dan Schatzeder
|
|
Batting: RHB John Hanley
|
0-0: Swinging Strike 0-1: Ball 1-1: Called Strike 1-2: Strikes out swinging
|
|
Batting: RHB Cleo Smith
|
0-0: Foul Ball, location: 2F 0-1: Swinging Strike 0-2: Ground out 6-3 (Groundball, 6M, EV 93.1 MPH)
|
|
Batting: RHB Matthew Tyner
|
0-0: Ball 1-0: Ball 2-0: Called Strike 2-1: Ball 3-1: Base on Balls
|
|
Batting: SHB Jose Oquendo
|
0-0: Ball 1-0: Ball 2-0: Ball 3-0: Called Strike 3-1: SINGLE (Line Drive, 7S, EV 90.0 MPH) Matthew Tyner to second
|
|
Batting: LHB Stu Pederson
|
0-0: Ball 1-0: Ground out 4-3 (Groundball, 4, EV 85.0 MPH)
|
| Bottom of the 7th over - 0 runs, 1 hit, 0 errors, 2 left on base; Tucson 6 - Spokane 10 |
| TOP OF THE 8TH |
|
Tucson Toros batting - Pitching for Spokane Indians : RHP Jonathan Coberly
|
|
Batting: SHB Kevin King
|
0-0: Called Strike 0-1: Ball 1-1: Fly out, F9 (Flyball, 9LS, EV 75.6 MPH)
|
|
Batting: RHB Talmadge Tanks
|
0-0: Ball 1-0: Ball 2-0: Ball 3-0: Base on Balls
|
|
Batting: LHB Juan Bustabad
|
0-0: Swinging Strike 0-1: Ball 1-1: Fielders Choice at 2nd, 6-4 (Groundball, 6S, EV 85.6 MPH)
|
|
Batting: SHB Rodney Scott
|
0-0: Ball 1-0: Fly out, F8 (Line Drive, 8RD, EV 85.6 MPH)
|
| Top of the 8th over - 0 runs, 0 hits, 0 errors, 1 left on base; Tucson 6 - Spokane 10 |
| BOTTOM OF THE 8TH |
|
Spokane Indians batting - Pitching for Tucson Toros : LHP Dan Schatzeder
|
|
Batting: RHB Tom Watkins
|
0-0: Called Strike 0-1: Called Strike 0-2: Foul Ball, location: 2F 0-2: Ball 1-2: Ball 2-2: Foul Ball, location: 2F 2-2: Ground out 5-3 (Groundball, 25, EV 90.6 MPH)
|
|
Batting: SHB Mark Gillaspie
|
0-0: Foul Ball, location: 2F 0-1: Ground out 5-3 (Groundball, 56S, EV 83.1 MPH)
|
|
Batting: RHB Craig Landis
|
0-0: Ball 1-0: Foul Ball, location: 2F 1-1: Foul Ball, location: 2F 1-2: Foul Ball, location: 2F 1-2: Ball 2-2: Ground out 5-3 (Groundball, 56, EV 85.0 MPH)
|
| Bottom of the 8th over - 0 runs, 0 hits, 0 errors, 0 left on base; Tucson 6 - Spokane 10 |
| TOP OF THE 9TH |
|
Tucson Toros batting - Pitching for Spokane Indians : RHP Jonathan Coberly
|
|
Batting: RHB David Holmes
|
0-0: Ball 1-0: Ball 2-0: Fly out, F8 (Flyball, 8RD, EV 95.6 MPH)
|
|
Batting: LHB Pat Dodson
|
0-0: Called Strike 0-1: Ball 1-1: Ball 2-1: Fly out, F8 (Flyball, 8LXD, EV 93.8 MPH)
|
|
Batting: LHB Tim Krauss
|
0-0: Called Strike 0-1: Fly out, F9 (Flyball, 9LM, EV 108.1 MPH)
|
| Top of the 9th over - 0 runs, 0 hits, 0 errors, 0 left on base; Tucson 6 - Spokane 10 |
|